Cogmind - Beta 14 @@@ ROGUE MODE // 2024.10.17 @ 14:52:35 Player: XDRM Result: Destroyed by G-47 Trooper with Particle Gun Performance ------------- Evolutions (0) 0 Regions Visited (1) 200 Robots Destroyed (12) 60 Value Destroyed (369) 369 Prototype IDs (0) 0 Alien Tech Used (0) 0 Bonus (0) 0 TOTAL SCORE: 629 Bonus ------- None Cogmind --------- Core Integrity 0/250 Matter 300/300 Energy 242/250 System Corruption 0% Temperature Cool (93) Movement Walking (120) Location -10/Materials Parts ------- > --- POWER (1) -------- Ion Engine > --- PROPULSION (2) --- Aluminum Leg > --- UTILITY (2) ------ (None) > --- WEAPON (2) ------- Small Laser > --- INVENTORY (5) ---- Compact Wheel Small Laser Peak State ------------ > --- POWER ------------ Ion Engine > --- PROPULSION ------- Compact Wheel Compact Wheel > --- UTILITY ---------- Small Storage Unit > --- WEAPON ----------- Medium Laser Assault Rifle > --- INVENTORY -------- Light Ion Engine [Rating: 6] Favorites ----------- Power Light Ion Engine Engine Light Ion Engine Propulsion Compact Wheel Leg Aluminum Leg Wheel Compact Wheel Hover Unit Hover Unit Utility Small Storage Unit Storage Small Storage Unit Weapon Medium Laser Energy Gun Medium Laser Ballistic Gun Assault Rifle Build | -11 -10 ------- Run | Yrd Mat Slots Evolved . | . . Power . | . . Propulsion . | . . Utility . | . . Weapon . | . . Parts Attached 13 | 6 7 Power 3 | 1 2 Engine 3 | 1 2 Core . | . . Reactor . | . . Propulsion 4 | 2 2 Treads . | . . Leg 1 | . 1 Wheel 2 | 2 . Hover 1 | . 1 Flight . | . . Utility 1 | 1 . Device . | . . Storage 1 | 1 . Processor . | . . Hackware . | . . Protection . | . . Artifact . | . . Weapon 5 | 2 3 Energy Gun 4 | 1 3 Energy Cannon . | . . Ballistic Gun 1 | 1 . Ballistic Cannon . | . . Launcher . | . . Special Weapon . | . . Impact Weapon . | . . Slashing Weapon . | . . Piercing Weapon . | . . Special Melee Weapon . | . . Unidentified Prototypes . | . . Parts Lost 6 | . 6 Power 2 | . 2 Propulsion 2 | . 2 Utility . | . . Weapon 2 | . 2 Highest Loss Streak 2 | . 2 To Critical Strikes . | . . Average Slot Usage (%) 70 | . 70 Engine 11 | . 11 Leg 2 | . 2 Wheel 16 | . 16 Hover 1 | . 1 Storage 11 | . 11 Energy Gun 20 | . 20 Ballistic Gun 5 | . 5 Peak Build Rating 6 | 6 6 Average Rating 4 | 4 4 On Entrance 3 | . 6 Naked Turns . | . . Heaviest Build 14 | 14 14 Greatest Support 32 | 32 32 Greatest Overweight (x) . | . . Average Overweight (x) . | . . Largest Inventory Capacity 8 | 8 8 Average Capacity 7 | 7 7 Most Carried 5 | 1 5 Average Carried 1 | . 1 Final Capacity 8 | 8 5 Final Carried 2 | 1 2 Class Distribution -------------------- 100% | Mutant Dominant Class ---------------- Mutant | -10/Materials Resources | -11 -10 ----------- Run | Yrd Mat Matter Collected 379 | 260 119 Remotely . | . . Salvage Created 451 | . 451 Parts 21 | . 21 Haulers Intercepted . | . . Recyclers Shooed 1 | . 1 Parts Field Recycled . | . . Retrieved Matter . | . . Parts Self-Destructed . | . . Prevented . | . . Kills | -11 -10 ------- Run | Yrd Mat Combat Hostiles Destroyed 9 | . 9 Guns 9 | . 9 Classes Destroyed 4 | . 4 Builder 1 | . 1 Operator 1 | . 1 Watcher 1 | . 1 Grunt 9 | . 9 Best Kill Streak 6 | . 6 Combat Bots Only 4 | . 4 Max Kills in Single Turn 1 | . 1 Gunslinging . | . . Exploded . | . . Melee . | . . Uniques/NPCs Destroyed . | . . Combat | -11 -10 -------- Run | Yrd Mat Hostile Shots Fired 78 | . 78 Missed 19 | . 19 Damage Taken 763 | . 763 Core 252 | . 252 Absorbed by Shields . | . . Core Remaining (%) 100 | 100 . Volleys Fired 53 | . 53 Largest 2 | . 2 Hottest 90 | . 90 Shots Fired 97 | . 97 Gun 97 | . 97 Cannon . | . . Launcher . | . . Special . | . . Kinetic 23 | . 23 Thermal 74 | . 74 Explosive . | . . Electromagnetic . | . . Robot Hit Streak 12 | . 12 Robot Miss Streak 3 | . 3 Penetration Max . | . . Secondary Targets 2 | . 2 Max Gunslinging Chain 1 | . 1 Shots Hit Robots 60 | . 60 Core Hits 27 | . 27 Critical Kills . | . . Critical Parts Destroyed . | . . Critical Strikes 3 | . 3 Burn 3 | . 3 Melee Attacks . | . . Impact . | . . Slashing . | . . Piercing . | . . Sneak Attacks . | . . Combat Hostiles . | . . Follow-up Attacks . | . . Damage Inflicted 785 | . 785 Guns 777 | . 777 Cannons . | . . Explosions . | . . Melee . | . . Ramming 8 | . 8 Kinetic 193 | . 193 Thermal 584 | . 584 Explosive . | . . Electromagnetic . | . . Impact . | . . Slashing . | . . Piercing . | . . Highest Corruption . | . . Average Corruption . | . . Corruption Purged . | . . Corruption Blocked . | . . Overload Shots . | . . Overflow Damage . | . . Projectiles . | . . Explosions . | . . Melee . | . . Knockbacks . | . . Impact . | . . Kinetic . | . . Secondary . | . . Self-Inflicted Damage 4 | . 4 Shots . | . . Rammed 1 | . 1 Targets Rammed 1 | . 1 Kicked . | . . Crushed . | . . Highest Temperature 316 | . 316 Average Temperature 123 | . 123 Received Heat Transfer 453 | . 453 Effects 1 | . 1 Energy Bleed 1 | . 1 Siege Activations . | . . Robots Corrupted . | . . Combat Hostiles . | . . Parts Fried . | . . Impact Corruptions . | . . Robots Melted . | . . Combat Hostiles . | . . Parts Melted 2 | . 2 Heat Transferred 1855 | . 1855 Parts Sabotaged . | . . Parts Stolen . | . . Parts Stripped . | . . Power Chain Reactions . | . . Alert | -11 -10 ------- Run | Yrd Mat Peak Influence 248 | . 248 Initial . | . . Average 129 | . 148 Maximum Alert Level 1 | . 1 Low Security (%) 69 | 100 64 Level 1 30 | . 35 Level 2 . | . . Level 3 . | . . Level 4 . | . . Level 5 . | . . High Security . | . . Max Security . | . . Squads Dispatched 3 | . 3 Investigation 2 | . 2 Extermination . | . . Reinforcement 1 | . 1 Assault . | . . Garrison . | . . Intercept . | . . Searches Triggered . | . . Construction Impeded . | . . Haulers Reinforced . | . . Active Scanning Responses . | . . Cargo Convoy Interrupts . | . . Stealth | -11 -10 --------- Run | Yrd Mat Distress Signals . | . . Communications Jammed . | . . Distress Signals . | . . Times Spotted 18 | . 18 Peak Tracking Total 3 | . 3 Tactical Retreats . | . . Traps | -11 -10 ------- Run | Yrd Mat Traps Triggered . | . . Indirectly . | . . Trap Hack Attempts . | . . Triggered . | . . Disarmed . | . . Reprogrammed . | . . Reused . | . . Traps Extracted . | . . Installed . | . . Triggered . | . . Machines | -11 -10 ---------- Run | Yrd Mat Machines Disabled . | . . Max in Single Turn . | . . Machines Repaired . | . . Machines Dismantled . | . . Machines Sabotaged . | . . Overloaded Fab Kills . | . . Hacking | -11 -10 --------- Run | Yrd Mat Machines Accessed 2 | . 2 Terminals 2 | . 2 Fabricators . | . . Repair Stations . | . . Recycling Units . | . . Scanalyzers . | . . Garrison Access . | . . Total Hacks 8 | . 8 Successful 2 | . 2 Failed 6 | . 6 Catastrophic . | . . Database Lockouts . | . . Manual 6 | . 6 Terminals 8 | . 8 Fabricators . | . . Repair Stations . | . . Recycling Units . | . . Scanalyzers . | . . Garrison Access . | . . Terminal Hacks 1 | . 1 Robot Analysis 1 | . 1 Fabricator Hacks . | . . Repair Station Hacks . | . . Recycling Unit Hacks . | . . Scanalyzer . | . . Garrison Access Hacks . | . . Unauthorized Hacks 1 | . 1 Terminals 1 | . 1 Operators 1 | . 1 Fabricators . | . . Repair Stations . | . . Recycling Units . | . . Scanalyzers . | . . Garrison Access . | . . Data Cores Recovered . | . . Used . | . . Hacking Detections 2 | . 2 Full Trace Events 2 | . 2 Feedback Events . | . . Feedback Blocked . | . . Robot Schematics Acquired . | . . Robots Built . | . . Authchips . | . . Time . | . . Total Robot Build Rating . | . . Part Schematics Acquired . | . . Parts Built . | . . Authchips . | . . Time . | . . Total Part Build Rating . | . . Parts Repaired . | . . Time . | . . Parts Recycled . | . . Recycled Matter . | . . Retrieved Matter . | . . Retrieved Components . | . . Parts Scanalyzed . | . . Part Schematics Acquired . | . . Parts Damaged . | . . Bothacking | -11 -10 ------------ Run | Yrd Mat Used RIF Installer . | . . Robots Hacked . | . . Non-combat . | . . Combat . | . . Robot Hacks Applied . | . . Relay Couplers Released . | . . Fabnet Peak Effective % . | . . Robots Rewired . | . . Allies Hacked . | . . Hacks Repelled . | . . Allies | -11 -10 -------- Run | Yrd Mat Total Allies . | . . Largest Group . | . . Highest-Rated Group . | . . Highest-Rated Ally . | . . Total Orders . | . . Ally Attacks . | . . Total Damage . | . . Kills . | . . Allies Corrupted . | . . Allies Melted . | . . Intel | -11 -10 ------- Run | Yrd Mat Robot Analysis Total 1 | . 1 Derelict Logs Recovered . | . . Drone Launches . | . . Drone Recoveries . | . . Exploration | -11 -10 ------------- Run | Yrd Mat Turns Passed 373 | 48 325 Spaces Moved 204 | 39 165 Core 1 | 1 . Treads . | . . Legs 13 | . 13 Wheels 171 | 38 133 Hover 19 | . 19 Flight . | . . Fastest Speed 50 | 50 60 Average Speed 97 | 98 96 Slowest Speed 120 | 100 120 Overloaded Moves . | . . Propulsion Burnouts . | . . Robots Hopped . | . . Cave-ins Triggered . | . . Exploration Rate (%) 21 | 5 37 Regions Visited 1 Branch Regions . Pre-discovered Areas . | . . Known Exits Taken . | . . Unknown Exits Taken 1 | 1 . Scrap Searched . | . . Spaces Dug . | . . Terrain Destroyed . | . . Melee . | . . Projectile . | . . AOE . | . . Terrain Rammed . | . . Walls Destroyed . | . . Machines Disabled . | . . Actions | -11 -10 --------- Run | Yrd Mat Total 280 | 45 235 Wait 2 | . 2 Move 203 | 38 165 Hop . | . . Pick Up 5 | 1 4 Fast Attach 7 | 6 1 Attach 5 | . 5 Detach 2 | . 2 Swap 1 | . 1 Drop 1 | . 1 Fire 53 | . 53 Melee . | . . Ram 1 | . 1 Kick . | . . Crush . | . . Escape Stasis . | . . Rewire . | . . Trap . | . . Miscellaneous . | . . Route ------- -11/Scrapyard -10/Materials (discovered 1 exit: [*Mat]) History --------- Turn | Location | Event 17 | -11/Scrapyard | Discovered new exit (range 16) 49 | -11/Scrapyard | Entered Materials 161 | -10/Materials | Discovered new exit (range 15) 189 | -10/Materials | Core integrity fell below 50% 329 | -10/Materials | Build established: Mutant 332 | -10/Materials | Core integrity fell below 20% 374 | -10/Materials | Destroyed by G-47 Trooper with Particle Gun Last Messages --------------- 00353_ R-06 Scavenger inserts Signal Interpreter into recycling unit. 00354_ Recycling unit begins recycling process. 00356_ R-06 Scavenger inserts Lgt. Ion Engine into recycling unit. 00358_ Acquired 15 matter. 00359_ R-06 Scavenger inserts Heat Sink into recycling unit. 00360_ Recycling unit begins recycling process. 00361_ R-06 Scavenger collects Aluminum Leg. 00361_ Acquired Sml. Laser. 00362_ R-06 Scavenger inserts Sml. Storage Unit into recycling unit. 00365_ R-06 Scavenger inserts Aluminum Leg into recycling unit. 00366_ Recycling unit begins recycling process. 00367_ R-06 Scavenger suffers critical hit (Burn). 00367_ R-06 Scavenger destroyed. 00369_ Med. Laser destroyed. Map ----- +----------------------------------------------------+ | ????????????????????????????????????????? | | ????????????????????????????????????????? | | ????????????????????????????????????????? | | ????????????????????????????????????????? | | ????????????????????????????????????????? | | ????????????????????????????????????????? | | ????????????????????????????????????????? | | ????????????????????????????????????????? | | ????????????????????????????????????????? | | ??????? ????????????????????????????????? | | ??????? ???????????????????????????????? | | ??????? ???????????????????????????????? | | ??????? ??????????????????????????????? | | ???????? #?????????????????????????????? | | ????????? ##+########??????????????????? | | ????????? #??????????????????? | | ?????????? +??????????????????? | | ??????????? #??????????????????? | | ????????o??# #??????????????????? | | ???????????# #??????????????????? | | ???????????# "T" #??????????????????? | | ???????????# """ #??????????????????? | | ???????????# ###########????????? | | ???????????# %% u ????????? | | ???????????# ???????? | | ???????????# @ ????????? | | ???????????# ""%! """"" ????????? | | ???????????# "Y """""""" ?????? | | ???????????# "" """ """ #????? | | ???????????# #????? | | ???????????# gg #?? | | ???????????# ##### ##########????? | | ???????????# #???# #?????????????? | | ???????????###+#????# #?????????????? | | ????????????????????#%#?????????????? | | ????????????????????# #?????????????? | | ????????????????????# #?????########## | | ????????????????????#%#?????# # | | ????????????????????#%####### # | | ????????????????????# % + # | | ????????????????????# ####### # | | ????????????????????# #?????# # | | ????????????????????# #?????# # | | ????????????????????# #?????# # | | ????????????????????# #?????# !% # | | ????????????????????# #?????# # | | ????????????????????# #?????######+###% | | ???????????????????##+####??????# % | | #########??????????# #??????# | | # #??????????# #??????# T | +----------------------------------------------------+ Best States ------------- Heat Dissipation 25 Energy Generation 10 Energy Capacity 250 Matter Stores 300 Matter Capacity 300 Sight Range 16 Terrain Scan Density 10 Evasion (%) 53 Item Schematics ----------------- None Robot Schematics ------------------ None Fabricated ------------ Nothing Alien Tech Used ----------------- None Achievements -------------- None Challenges ------------ None Game ------ Seed PhaseZioniteFacilitator Manual? 0 Play Time 00:06:27 Cumulative 39.1 hours Start 2024.10.17 @ 14:47:03 End 2024.10.17 @ 14:52:35 Sessions 1 Manual Loads 0 Difficulty Rogue Special Mode None Game No. 31 Rogue 31 Adventurer 0 Explorer 0 Win Type - Total 0 Types 0/0/0/0/0/0/0/0/0 Lore% 17 Gallery% 28 Achievement% 29 Wizard Run 0 Options --------- Layout 1 ASCII 0 Keyboard 0 Movement Mouse Keybinds 0 Fullscreen 2 Font 24/X11 Map View 50x35 Zoom Use 0% Tactical HUD 1 Map Filters NONE Filters NONE Steam 1 RUN: 9f6a3318-d25d-4817-b637-ab7e443c0a5a